 Dungeon Crawl Stone Soup version 0.21.1-1-g345015f (webtiles) character file.

276 Fang the Chopper (level 6, -16/58 HPs)
             Began as a Gargoyle Berserker on May 17, 2018.
             Was a Priest of Trog.
             Demolished by an ogre
             ... wielding a +0 giant club
              (20 damage)
             ... on level 4 of the Dungeon.
             The game lasted 00:04:32 (3522 turns).

Fang the Chopper (Gargoyle Berserker)               Turns: 3522, Time: 00:04:32

Health: -16/58     AC:  8    Str: 30    XL:     6   Next: 25%
Magic:  6/6        EV: 13    Int:  8    God:    Trog [***...]
Gold:   93         SH:  0    Dex:  9    Spells: 5/5 levels left

rFire    . . .     SeeInvis .   a - +0 hand axe
rCold    . . .     Gourm    .   (no shield)
rNeg     + . .     Faith    .   b - +0 animal skin
rPois    ∞         Spirit   .   (no helmet)
rElec    +         Reflect  .   m - +1 cloak
rCorr    .         Harm     .   (no gloves)
MR       .....                  (no boots)
Stlth    ..........             (no amulet)
HPRegen  0.19/turn              p - +3 ring of strength
MPRegen  0.10/turn              (no ring)

@: berserking, very quick
A: negative energy resistance 1, electricity resistance, unbreathing,
petrification resistance, rot immunity, AC +4
a: Berserk, Trog's Hand, Burn Spellbooks, Renounce Religion


You were on level 4 of the Dungeon.
You worshipped Trog.
Trog was most pleased with you.
You were hungry.

You visited 1 branch of the dungeon, and saw 4 of its levels.

You collected 93 gold pieces.

Inventory:

Hand Weapons
 a - a +0 hand axe (weapon)
Armour
 b - a +0 animal skin (worn)
 m - a +1 cloak (worn)
Jewellery
 p - a +3 ring of strength (left hand)
 r - a +3 ring of dexterity {unknown}
Scrolls
 f - a scroll of immolation {unknown}
 j - 3 scrolls of identify {unknown}
 k - 3 scrolls of remove curse {unknown}
 l - a scroll of noise {unknown}
 q - a scroll of magic mapping {unknown}
Potions
 d - a potion of degeneration {unknown}
 e - a potion of might {unknown}
 g - a potion of heal wounds {unknown}
 h - 2 potions of curing {unknown}
 i - 3 potions of mutation {unknown}
 n - a potion of magic {unknown}
 o - a potion of ambrosia {unknown}
 s - a potion of agility
Comestibles
 c - 6 rations


   Skills:
 + Level 4.3 Fighting
 + Level 4.4 Axes
 + Level 2.2 Armour
 + Level 3.2 Dodging
 + Level 1.5 Stealth


You had 5 spell levels left.
You didn't know any spells.

Dungeon Overview and Level Annotations

Branches:
Dungeon (4/15)
 Temple: D:4-7

Altars:


Innate Abilities, Weirdness & Mutations

You are resistant to torment.
Your stone body is resilient. (AC +4)
You are immune to poison.
You resist negative energy. (rN+)
You are resistant to electric shocks. (rElec)
You can survive without breathing.
You are immune to petrification.
You are immune to rotting.


Message History

Ouch! That really hurt!
* * * LOW HITPOINT WARNING * * *
You are too injured to fight recklessly!
You are too injured to fight recklessly!
You are too injured to fight recklessly!
You are too injured to fight recklessly!
You are too injured to fight recklessly!
You are too injured to fight recklessly!
You are too injured to fight recklessly!
You are too injured to fight recklessly!
You are too injured to fight recklessly!
A red film seems to cover your vision as you go berserk!
You feel yourself moving faster!
You feel mighty!
You are feeling hungry.
The ogre hits you with a giant club!
* * * LOW HITPOINT WARNING * * *
You hit the ogre.
The ogre is lightly wounded.
The ogre hits you with a giant club!!
You die...

# #######...
#######.........
........@O.#
###..#.##.#
#.....(# #
#.#.<### #..#
#.... ##....
.##... .# #.##


You could see an ogre.

Vanquished Creatures
  A howler monkey (D:3)
  Natasha (twice) (D:3)
  Terence (D:3)
  8 adders
  A shadow imp (D:3)
  2 worms
  2 leopard geckos (D:2)
  An orc (D:3)
  A ball python (D:1)
  10 bats
  4 giant cockroaches
  8 hobgoblins
  9 kobolds
  4 quokkas (D:2)
  5 frilled lizards
  8 goblins
  11 rats
78 creatures vanquished.

Notes
Turn   | Place    | Note
-------+----------+-------------------------------------------
     0 | D:1      | Fang the Gargoyle Berserker began the quest for the Orb.
     0 | D:1      | Reached XP level 1. HP: 14/14 MP: 1/1
   137 | D:1      | Reached XP level 2. HP: 14/19 MP: 2/2
   397 | D:1      | Reached ** piety under Trog
   421 | D:1      | Reached XP level 3. HP: 14/24 MP: 3/3
   782 | D:1      | Reached XP level 4. HP: 16/29 MP: 4/4
  1810 | D:2      | Reached XP level 5. HP: 20/33 MP: 5/5
  2178 | D:3      | Noticed Terence
  2199 | D:3      | Killed Terence
  2251 | D:3      | Noticed Natasha
  2263 | D:3      | Reached skill level 1 in Stealth
  2267 | D:3      | Killed Natasha
  2471 | D:3      | Reached *** piety under Trog
  2771 | D:3      | Reached XP level 6. HP: 37/39 MP: 6/6
  2924 | D:3      | Noticed Natasha
  2945 | D:3      | Killed Natasha
  3522 | D:4      | Demolished by an ogre

Skill      XL: |  1  2  3  4  5 |
---------------+----------------+-----
Axes           | 3 4 |  4.4
Dodging        | 2 3 |  3.2
Fighting       | 4 |  4.3
Stealth        | 1 |  1.5
Armour         | |  2.2

Action                   |  1- 3 |  4- 6 || total
-------------------------+-------+-------++-------
Melee: Hand axe          |   119 |   203 ||   322
Invok: Berserk           |     1 |     3 ||     4
 Stab: Sleeping          |       |     2 ||     2
       Distracted        |       |     1 ||     1
  Eat: Chunk             |       |     8 ||     8
       Ration            |       |     1 ||     1
Armor: Animal skin       |    65 |    74 ||   139
Dodge: Dodged            |   115 |   145 ||   260
